Blues vs Sabres

Created - February 14 2012 at 17:39

Goals
1 2 3 T
Blues 0 0 1 1
Sabres 2 1 2 5
Shots
1 2 3 T
Blues 10 11 6 27
Sabres 6 17 12 35

Period #1

1. Sabres , Henrik Zetterberg 21 (Dan Cleary, Marian Hossa) at 4:12 (PP)
2. Sabres , Jordan Staal 17 (Chris Stewart, Brad Stuart) at 19:27

Penalties :
Steve Ott (STL) for Hooking (Minor) at 3:35, Tuomo Ruutu (BUF) for Hooking (Minor) at 6:22, Steve Ott (STL) for High sticking (Minor) at 11:21

Period #2

3. Sabres , Marian Hossa 22 (Tuomo Ruutu, Christian Ehrhoff) at 10:14 (PP)

Penalties :
Yannick Weber (STL) for High sticking (Minor) at 3:45, Mark Fayne (STL) for Hooking (Minor) at 9:30, Mike Richards (BUF) for Hooking (Minor) at 11:59, Steve Ott (STL) for Hooking (Minor) at 13:04, Christopher Higgins (STL) for Interference (Minor) at 17:38

Period #3

4. Blues , Andrei Markov 9 (Jussi Jokinen, Dennis Wideman) at 4:39 (PP)
5. Sabres , Tuomo Ruutu 22 (Marian Hossa, Jeff Schultz) at 10:19 (SH)
6. Sabres , Mike Knuble 14 (Henrik Zetterberg) at 16:21 (SH)

Penalties :
Daniel Carcillo (STL) for Roughing (Minor) at 0:40, Tuomo Ruutu (BUF) for Slashing (Double Minor) at 4:13, Jay Bouwmeester (BUF) for Holding (Minor) at 8:51, Tuomo Ruutu (BUF) for Hooking (Minor) at 14:48, Steve Ott (STL) for High sticking (Minor) at 19:35

Goalie Stats

Jonathan Quick (STL), 30 saves from 35 shots - (0.857), L, 18-22-6, 60:00 minutes
Corey Crawford (BUF), 26 saves from 27 shots - (0.963), W, 22-29-2, 60:00 minutes

Players Stats

Blues
Player Name              G  A  P  +/- PIM S  H  SB FO    MP 
------------------------------------------------------------
Alexander Frolov         0  0  0   0  0   1  1  0  0/0   15 
Andrei Markov            1  0  1  -2  0   4  0  1  0/0   22 
Christopher Higgins      0  0  0  -1  2   4  1  0  1/2   22 
Daniel Carcillo          0  0  0  -1  2   2  2  0  0/1   22 
Daymond Langkow          0  0  0  -1  0   2  0  0  14/26 18 
Dennis Wideman           0  1  1  -1  0   3  0  0  0/0   22 
Jean-Pierre Dumont       0  0  0  -1  0   1  1  0  0/0   6  
Jerred Smithson          0  0  0   0  0   0  0  0  10/18 20 
Jussi Jokinen            0  1  1  -2  0   2  0  1  15/38 23 
Kent Huskins             0  0  0   0  0   0  2  1  0/0   19 
Mark Fayne               0  0  0  -1  2   0  3  0  0/0   17 
Mikael Backlund          0  0  0   0  0   0  0  0  0/0   3  
Milan Jurcina            0  0  0   0  0   0  0  0  0/0   1  
Rick Nash                0  0  0   0  0   0  0  0  2/2   6  
Sami Salo                0  0  0  -1  0   2  0  1  0/0   19 
Steve Ott                0  0  0  -2  8   4  3  0  1/2   18 
Todd Bertuzzi            0  0  0  -1  0   0  1  0  0/0   17 
Yannick Weber            0  0  0  -1  2   2  4  0  0/0   18 
Sabres
Player Name              G  A  P  +/- PIM S  H  SB FO    MP 
------------------------------------------------------------
Brad Stuart              0  1  1   1  0   1  1  1  0/0   21 
Brett Sterling           0  0  0   0  0   0  0  0  0/0   1  
Chris Stewart            0  1  1   1  0   5  0  0  0/0   17 
Christian Ehrhoff        0  1  1   1  0   1  3  0  0/0   22 
Dan Cleary               0  1  1   0  0   3  4  0  1/1   18 
David Legwand            0  0  0   1  0   0  0  0  6/14  17 
Henrik Zetterberg        1  1  2   1  0   3  0  0  21/42 22 
Jay Bouwmeester          0  0  0   0  2   0  3  0  0/0   22 
Jeff Schultz             0  1  1   1  0   0  3  1  0/0   14 
Jordan Staal             1  0  1   1  0   8  0  0  16/27 21 
Karl Alzner              0  0  0   0  0   0  1  0  0/0   2  
Marian Hossa             1  2  3   1  0   9  3  0  0/1   21 
Mike Knuble              1  0  1   1  0   2  0  1  0/1   20 
Mike Richards            0  0  0   0  2   1  2  0  0/1   20 
Ryan Carter              0  0  0   0  0   0  0  0  0/0   0  
Trevor Daley             0  0  0   0  0   0  0  1  0/0   17 
Tuomo Ruutu              1  1  2   2  8   2  2  0  2/2   14 
Tyler Myers              0  0  0   2  0   0  1  1  0/0   21 

3 Stars

1 - Marian Hossa (BUF)
2 - Corey Crawford (BUF)
3 - Henrik Zetterberg (BUF)

Power Play

Blues - 1 on 6 Attempt(s) - 16.67%
Sabres - 2 on 8 Attempt(s) - 25.00%

Penalty Kill

Blues - 6 on 8 Attempt(s) - 75.00% - Score 0 goal in Penalty Kill
Sabres - 5 on 6 Attempt(s) - 83.33% - Score 2 goal in Penalty Kill

Game Notes

No Game Note

Finance

Level 1 -- Attendance: 6500 (100.00%) -- Ticket Income $559,000.00
Level 2 -- Attendance: 4726 (94.52%) -- Ticket Income $236,300.00
Level 3 -- Attendance: 3295 (94.14%) -- Ticket Income $98,850.00
Level 4 -- Attendance: 2690 (100.00%) -- Ticket Income $51,110.00
Luxury Box -- Attendance: 921 (92.10%) -- Ticket Income $152,886.00
Game was played at the HSBC Arena
Total Attendance: 18132 (97.01%)
Total Ticket Income: $1,162,591.00
Other Income: $222,914.70
Total Income: $1,385,506.00


Play by Play

Period #1

0:01 of 1st period - Henrik Zetterberg wins face-off versus Jussi Jokinen in neutral zone.
0:33 of 1st period - Mike Richards is hit by Todd Bertuzzi.
0:39 of 1st period - Shot by Dennis Wideman.
0:39 of 1st period - Stopped by Corey Crawford without a rebound.
0:40 of 1st period - Jordan Staal wins face-off versus Daymond Langkow in Sabres zone.
0:44 of 1st period - Chris Stewart is hit by Steve Ott.
0:58 of 1st period - Shot by Steve Ott.
0:58 of 1st period - Shot Blocked by Tyler Myers.
2:31 of 1st period - Shot by Andrei Markov.
2:31 of 1st period - Stopped by Corey Crawford without a rebound.
2:32 of 1st period - Daymond Langkow wins face-off versus Henrik Zetterberg in Sabres zone.
2:36 of 1st period - Icing by Jay Bouwmeester.
2:37 of 1st period - Daymond Langkow wins face-off versus Henrik Zetterberg in Sabres zone.
2:50 of 1st period - Shot by Steve Ott.
2:50 of 1st period - Stopped by Corey Crawford without a rebound.
2:51 of 1st period - Jerred Smithson wins face-off versus David Legwand in Sabres zone.
2:59 of 1st period - Daniel Carcillo is hit by Jeff Schultz and loses puck.
3:35 of 1st period - Minor Penalty to Steve Ott for Hooking.
3:36 of 1st period - Jussi Jokinen wins face-off versus Henrik Zetterberg in Blues zone.
3:50 of 1st period - Icing by Marian Hossa.
3:51 of 1st period - Jerred Smithson wins face-off versus Henrik Zetterberg in Sabres zone.
4:02 of 1st period - Shot by Dan Cleary.
4:02 of 1st period - Shot Misses the Net.
4:06 of 1st period - Shot by Marian Hossa.
4:06 of 1st period - Stopped by Jonathan Quick with a rebound.
4:10 of 1st period - Shot by Henrik Zetterberg.
4:10 of 1st period - Deflect By Dan Cleary.
4:10 of 1st period - Shot Misses the Net.
4:12 of 1st period - Shot by Henrik Zetterberg.
4:12 of 1st period - Goal by Henrik Zetterberg - Blues : 0 - Sabres : 1.
4:13 of 1st period - Daymond Langkow wins face-off versus Mike Richards in neutral zone.
4:38 of 1st period - Shot by Steve Ott.
4:38 of 1st period - Stopped by Corey Crawford without a rebound.
4:39 of 1st period - David Legwand wins face-off versus Jussi Jokinen in Sabres zone.
4:47 of 1st period - Icing by Dennis Wideman.
4:48 of 1st period - Jussi Jokinen wins face-off versus David Legwand in Blues zone.
4:54 of 1st period - Dennis Wideman is hit by Jeff Schultz and loses puck.
4:57 of 1st period - Shot by Dennis Wideman.
4:57 of 1st period - Stopped by Corey Crawford with a rebound.
5:03 of 1st period - Shot by Jussi Jokinen.
5:03 of 1st period - Shot Misses the Net.
5:32 of 1st period - Icing by Daymond Langkow.
5:33 of 1st period - Henrik Zetterberg wins face-off versus Daymond Langkow in Blues zone.
5:53 of 1st period - Steve Ott is hit by Jay Bouwmeester.
6:04 of 1st period - Christopher Higgins is hit by Christian Ehrhoff and loses puck.
6:22 of 1st period - Minor Penalty to Tuomo Ruutu for Hooking.
6:23 of 1st period - Jussi Jokinen wins face-off versus Jordan Staal in Sabres zone.
6:24 of 1st period - Shot by Steve Ott.
6:24 of 1st period - Stopped by Corey Crawford without a rebound.
6:25 of 1st period - Jussi Jokinen wins face-off versus Jordan Staal in Sabres zone.
7:27 of 1st period - Shot by Todd Bertuzzi.
7:27 of 1st period - Shot Misses the Net.
7:29 of 1st period - Shot by Todd Bertuzzi.
7:29 of 1st period - Shot Misses the Net.
7:31 of 1st period - Shot by Yannick Weber.
7:31 of 1st period - Stopped by Corey Crawford with a rebound.
7:33 of 1st period - Shot by Jean-Pierre Dumont.
7:33 of 1st period - Stopped by Corey Crawford without a rebound.
7:34 of 1st period - Daymond Langkow wins face-off versus Henrik Zetterberg in Sabres zone.
8:01 of 1st period - Shot by Sami Salo.
8:01 of 1st period - Shot Blocked by Brad Stuart.
8:27 of 1st period - Shot by Alexander Frolov.
8:27 of 1st period - Stopped by Corey Crawford without a rebound.
8:28 of 1st period - David Legwand wins face-off versus Jerred Smithson in Sabres zone.
8:37 of 1st period - Shot by Dan Cleary.
8:37 of 1st period - Shot Misses the Net.
8:45 of 1st period - Jerred Smithson is hit by Dan Cleary.
9:54 of 1st period - Marian Hossa is hit by Yannick Weber and loses puck.
9:57 of 1st period - Shot by Henrik Zetterberg.
9:57 of 1st period - Stopped by Jonathan Quick without a rebound.
9:58 of 1st period - Jordan Staal wins face-off versus Jerred Smithson in Blues zone.
10:09 of 1st period - Shot by Chris Stewart.
10:09 of 1st period - Shot Misses the Net.
10:11 of 1st period - Shot by Jordan Staal.
10:11 of 1st period - Shot Misses the Net.
10:13 of 1st period - Shot by Tyler Myers.
10:13 of 1st period - Shot Misses the Net.
10:17 of 1st period - Shot by Chris Stewart.
10:17 of 1st period - Shot Misses the Net.
10:19 of 1st period - Shot by Jordan Staal.
10:19 of 1st period - Stopped by Jonathan Quick without a rebound.
10:20 of 1st period - Henrik Zetterberg wins face-off versus Daymond Langkow in Blues zone.
10:32 of 1st period - Todd Bertuzzi is hit by Christian Ehrhoff and loses puck.
10:40 of 1st period - Henrik Zetterberg is hit by Yannick Weber and loses puck.
10:43 of 1st period - Shot by Marian Hossa.
10:43 of 1st period - Stopped by Jonathan Quick without a rebound.
10:44 of 1st period - Jerred Smithson wins face-off versus Jordan Staal in Blues zone.
10:57 of 1st period - Jerred Smithson is hit by Tuomo Ruutu and loses puck.
11:21 of 1st period - Minor Penalty to Steve Ott for High sticking.
11:22 of 1st period - Henrik Zetterberg wins face-off versus Jussi Jokinen in Blues zone.
11:30 of 1st period - Icing by Christian Ehrhoff.
11:31 of 1st period - Jussi Jokinen wins face-off versus Marian Hossa in Sabres zone.
11:31 of 1st period - Jussi Jokinen is hit by Tyler Myers.
11:59 of 1st period - Icing by Tyler Myers.
12:00 of 1st period - Henrik Zetterberg wins face-off versus Jussi Jokinen in Sabres zone.
12:13 of 1st period - Jussi Jokinen is hit by Marian Hossa and loses puck.
12:33 of 1st period - Off-side.
12:34 of 1st period - Jordan Staal wins face-off versus Jerred Smithson in neutral zone.
13:55 of 1st period - Jeff Schultz is hit by Mark Fayne and loses puck.
14:10 of 1st period - Christian Ehrhoff is hit by Daniel Carcillo and loses puck.
14:36 of 1st period - Icing by Andrei Markov.
14:37 of 1st period - Jordan Staal wins face-off versus Jussi Jokinen in Blues zone.
15:37 of 1st period - Brett Sterling is hit by Mark Fayne and loses puck.
16:19 of 1st period - Shot by Christopher Higgins.
16:19 of 1st period - Stopped by Corey Crawford without a rebound.
16:20 of 1st period - Daymond Langkow wins face-off versus Jordan Staal in Sabres zone.
16:38 of 1st period - Christopher Higgins is hit by Brad Stuart.
17:07 of 1st period - Rick Nash is hit by Tuomo Ruutu and loses puck.
17:17 of 1st period - Icing by Rick Nash.
17:18 of 1st period - Jerred Smithson wins face-off versus Henrik Zetterberg in Blues zone.
18:11 of 1st period - Jeff Schultz is hit by Steve Ott.
18:12 of 1st period - Icing by Jeff Schultz.
18:13 of 1st period - David Legwand wins face-off versus Jerred Smithson in Sabres zone.
18:19 of 1st period - Mike Knuble is hit by Kent Huskins and loses puck.
19:25 of 1st period - Shot by Chris Stewart.
19:25 of 1st period - Shot Blocked by Sami Salo.
19:27 of 1st period - Shot by Jordan Staal.
19:27 of 1st period - Goal by Jordan Staal - Blues : 0 - Sabres : 2.
19:28 of 1st period - Rick Nash wins face-off versus Henrik Zetterberg in neutral zone.

Period #2

0:01 of 2nd period - Jussi Jokinen wins face-off versus Henrik Zetterberg in neutral zone.
0:26 of 2nd period - Dennis Wideman is hit by Mike Richards and loses puck.
1:12 of 2nd period - Shot by Daymond Langkow.
1:12 of 2nd period - Shot Misses the Net.
1:14 of 2nd period - Shot by Christopher Higgins.
1:14 of 2nd period - Stopped by Corey Crawford without a rebound.
1:15 of 2nd period - Jerred Smithson wins face-off versus David Legwand in Sabres zone.
2:15 of 2nd period - Shot by Jordan Staal.
2:15 of 2nd period - Deflect By Chris Stewart.
2:15 of 2nd period - Shot Blocked by Kent Huskins.
2:17 of 2nd period - Shot by Chris Stewart.
2:17 of 2nd period - Stopped by Jonathan Quick without a rebound.
2:18 of 2nd period - Jordan Staal wins face-off versus Daymond Langkow in Blues zone.
2:41 of 2nd period - Shot by Daymond Langkow.
2:41 of 2nd period - Stopped by Corey Crawford without a rebound.
2:42 of 2nd period - Henrik Zetterberg wins face-off versus Jussi Jokinen in Sabres zone.
3:00 of 2nd period - Icing by Dennis Wideman.
3:01 of 2nd period - Jussi Jokinen wins face-off versus David Legwand in Blues zone.
3:01 of 2nd period - Jussi Jokinen is hit by Dan Cleary.
3:12 of 2nd period - Icing by Jay Bouwmeester.
3:13 of 2nd period - Daymond Langkow wins face-off versus Mike Knuble in Sabres zone.
3:13 of 2nd period - Daymond Langkow is hit by Karl Alzner.
3:33 of 2nd period - Daymond Langkow is hit by Jay Bouwmeester and loses puck.
3:45 of 2nd period - Minor Penalty to Yannick Weber for High sticking.
3:46 of 2nd period - Jordan Staal wins face-off versus Jerred Smithson in Blues zone.
3:55 of 2nd period - Shot by Jordan Staal.
3:55 of 2nd period - Stopped by Jonathan Quick without a rebound.
3:56 of 2nd period - Jussi Jokinen wins face-off versus Henrik Zetterberg in Blues zone.
3:56 of 2nd period - Jussi Jokinen is hit by Marian Hossa.
4:31 of 2nd period - Shot by Marian Hossa.
4:31 of 2nd period - Stopped by Jonathan Quick without a rebound.
4:32 of 2nd period - Jerred Smithson wins face-off versus Jordan Staal in Blues zone.
4:55 of 2nd period - Shot by Chris Stewart.
4:55 of 2nd period - Shot Misses the Net.
4:57 of 2nd period - Shot by Jordan Staal.
4:57 of 2nd period - Stopped by Jonathan Quick without a rebound.
4:58 of 2nd period - Henrik Zetterberg wins face-off versus Jussi Jokinen in Blues zone.
5:01 of 2nd period - Shot by Mike Richards.
5:01 of 2nd period - Shot Misses the Net.
5:05 of 2nd period - Shot by Mike Richards.
5:05 of 2nd period - Shot Misses the Net.
5:47 of 2nd period - Shot by Jordan Staal.
5:47 of 2nd period - Deflect By Dan Cleary.
5:47 of 2nd period - Stopped by Jonathan Quick with a rebound.
5:55 of 2nd period - Shot by Dan Cleary.
5:55 of 2nd period - Stopped by Jonathan Quick without a rebound.
5:56 of 2nd period - Jordan Staal wins face-off versus Jerred Smithson in Blues zone.
6:04 of 2nd period - Icing by Mark Fayne.
6:05 of 2nd period - Jerred Smithson wins face-off versus David Legwand in Blues zone.
6:05 of 2nd period - Jerred Smithson is hit by Dan Cleary.
6:48 of 2nd period - Shot by Yannick Weber.
6:48 of 2nd period - Stopped by Corey Crawford with a rebound.
6:50 of 2nd period - Shot by Sami Salo.
6:50 of 2nd period - Stopped by Corey Crawford without a rebound.
6:51 of 2nd period - Christopher Higgins wins face-off versus Henrik Zetterberg in Sabres zone.
8:28 of 2nd period - Shot by Jussi Jokinen.
8:28 of 2nd period - Stopped by Corey Crawford without a rebound.
8:29 of 2nd period - David Legwand wins face-off versus Jerred Smithson in Sabres zone.
8:29 of 2nd period - David Legwand is hit by Daniel Carcillo.
8:57 of 2nd period - Dan Cleary is hit by Alexander Frolov and loses puck.
9:03 of 2nd period - David Legwand is hit by Mark Fayne and loses puck.
9:30 of 2nd period - Minor Penalty to Mark Fayne for Hooking.
9:31 of 2nd period - Jordan Staal wins face-off versus Jussi Jokinen in Blues zone.
9:44 of 2nd period - Shot by Jordan Staal.
9:44 of 2nd period - Stopped by Jonathan Quick without a rebound.
9:45 of 2nd period - Henrik Zetterberg wins face-off versus Jussi Jokinen in Blues zone.
9:58 of 2nd period - Shot by Marian Hossa.
9:58 of 2nd period - Stopped by Jonathan Quick with a rebound.
10:04 of 2nd period - Shot by Marian Hossa.
10:04 of 2nd period - Deflect By Henrik Zetterberg.
10:04 of 2nd period - Shot Misses the Net.
10:06 of 2nd period - Shot by Tyler Myers.
10:06 of 2nd period - Shot Blocked by Jussi Jokinen.
10:10 of 2nd period - Shot by Christian Ehrhoff.
10:10 of 2nd period - Shot Misses the Net.
10:12 of 2nd period - Shot by Tuomo Ruutu.
10:12 of 2nd period - Shot Blocked by Andrei Markov.
10:14 of 2nd period - Shot by Marian Hossa.
10:14 of 2nd period - Goal by Marian Hossa - Blues : 0 - Sabres : 3.
10:15 of 2nd period - Steve Ott wins face-off versus David Legwand in neutral zone.
10:18 of 2nd period - Shot by Sami Salo.
10:18 of 2nd period - Shot Blocked by Mike Knuble.
10:20 of 2nd period - Shot by Todd Bertuzzi.
10:20 of 2nd period - Shot Misses the Net.
10:22 of 2nd period - Shot by Todd Bertuzzi.
10:22 of 2nd period - Shot Misses the Net.
11:59 of 2nd period - Minor Penalty to Mike Richards for Hooking.
12:00 of 2nd period - Henrik Zetterberg wins face-off versus Daymond Langkow in Sabres zone.
12:00 of 2nd period - Henrik Zetterberg is hit by Steve Ott.
12:19 of 2nd period - Shot by Sami Salo.
12:19 of 2nd period - Stopped by Corey Crawford without a rebound.
12:20 of 2nd period - Jordan Staal wins face-off versus Jussi Jokinen in Sabres zone.
12:39 of 2nd period - Shot by Andrei Markov.
12:39 of 2nd period - Stopped by Corey Crawford without a rebound.
12:40 of 2nd period - Daymond Langkow wins face-off versus Henrik Zetterberg in Sabres zone.
12:55 of 2nd period - Shot by Marian Hossa.
12:55 of 2nd period - Shot Misses the Net.
13:03 of 2nd period - Shot by Daymond Langkow.
13:03 of 2nd period - Stopped by Corey Crawford without a rebound.
13:04 of 2nd period - Henrik Zetterberg wins face-off versus Jussi Jokinen in Sabres zone.
13:04 of 2nd period - Minor Penalty to Steve Ott for Hooking.
13:05 of 2nd period - Henrik Zetterberg wins face-off versus Jussi Jokinen in Blues zone.
13:08 of 2nd period - Shot by Chris Stewart.
13:08 of 2nd period - Stopped by Jonathan Quick without a rebound.
13:09 of 2nd period - Jussi Jokinen wins face-off versus Henrik Zetterberg in Blues zone.
13:18 of 2nd period - Shot by Jussi Jokinen.
13:18 of 2nd period - Shot Misses the Net.
13:20 of 2nd period - Shot by Daniel Carcillo.
13:20 of 2nd period - Stopped by Corey Crawford with a rebound.
13:24 of 2nd period - Shot by Daniel Carcillo.
13:24 of 2nd period - Stopped by Corey Crawford without a rebound.
13:25 of 2nd period - Daymond Langkow wins face-off versus Jordan Staal in Sabres zone.
14:00 of 2nd period - Kent Huskins is hit by Marian Hossa and loses puck.
14:15 of 2nd period - Shot by Christian Ehrhoff.
14:15 of 2nd period - Stopped by Jonathan Quick with a rebound.
14:53 of 2nd period - Shot by Jordan Staal.
14:53 of 2nd period - Stopped by Jonathan Quick without a rebound.
14:54 of 2nd period - Tuomo Ruutu wins face-off versus Jussi Jokinen in Blues zone.
15:13 of 2nd period - Shot by Dan Cleary.
15:13 of 2nd period - Stopped by Jonathan Quick without a rebound.
15:14 of 2nd period - Daymond Langkow wins face-off versus David Legwand in Blues zone.
16:50 of 2nd period - Jerred Smithson is hit by Jeff Schultz and loses puck.
16:55 of 2nd period - Shot by Steve Ott.
16:55 of 2nd period - Shot Blocked by Trevor Daley.
17:27 of 2nd period - Icing by Daymond Langkow.
17:28 of 2nd period - Henrik Zetterberg wins face-off versus Daymond Langkow in Blues zone.
17:35 of 2nd period - Shot by Marian Hossa.
17:35 of 2nd period - Stopped by Jonathan Quick without a rebound.
17:36 of 2nd period - Jordan Staal wins face-off versus Jussi Jokinen in Blues zone.
17:38 of 2nd period - Minor Penalty to Christopher Higgins for Interference.
17:39 of 2nd period - Jordan Staal wins face-off versus Jussi Jokinen in Blues zone.
17:42 of 2nd period - Shot by Mike Richards.
17:42 of 2nd period - Shot Misses the Net.
17:46 of 2nd period - Shot by Mike Richards.
17:46 of 2nd period - Stopped by Jonathan Quick without a rebound.
17:47 of 2nd period - Jordan Staal wins face-off versus Jerred Smithson in Blues zone.
18:18 of 2nd period - Shot by Chris Stewart.
18:18 of 2nd period - Stopped by Jonathan Quick with a rebound.
18:22 of 2nd period - Shot by Chris Stewart.
18:22 of 2nd period - Stopped by Jonathan Quick without a rebound.
18:23 of 2nd period - Jussi Jokinen wins face-off versus Henrik Zetterberg in Blues zone.
19:45 of 2nd period - Icing by Jay Bouwmeester.
19:46 of 2nd period - Daymond Langkow wins face-off versus Henrik Zetterberg in Sabres zone.
19:47 of 2nd period - Shot by Steve Ott.
19:47 of 2nd period - Stopped by Corey Crawford without a rebound.
19:48 of 2nd period - Jordan Staal wins face-off versus Daymond Langkow in Sabres zone.

Period #3

0:01 of 3rd period - Jussi Jokinen wins face-off versus Henrik Zetterberg in neutral zone.
0:40 of 3rd period - Minor Penalty to Daniel Carcillo for Roughing.
0:41 of 3rd period - Jerred Smithson wins face-off versus Jordan Staal in Blues zone.
1:21 of 3rd period - Off-side.
1:22 of 3rd period - Henrik Zetterberg wins face-off versus Jussi Jokinen in neutral zone.
1:49 of 3rd period - Shot by Henrik Zetterberg.
1:49 of 3rd period - Shot Misses the Net.
1:51 of 3rd period - Shot by Christian Ehrhoff.
1:51 of 3rd period - Shot Misses the Net.
2:03 of 3rd period - Jerred Smithson is hit by Dan Cleary and loses puck.
2:24 of 3rd period - Shot by Brad Stuart.
2:24 of 3rd period - Shot Misses the Net.
2:26 of 3rd period - Shot by Brad Stuart.
2:26 of 3rd period - Deflect By Tuomo Ruutu.
2:26 of 3rd period - Stopped by Jonathan Quick with a rebound.
2:28 of 3rd period - Shot by Brad Stuart.
2:28 of 3rd period - Stopped by Jonathan Quick without a rebound.
2:29 of 3rd period - Jordan Staal wins face-off versus Jussi Jokinen in Blues zone.
2:32 of 3rd period - Shot by Chris Stewart.
2:32 of 3rd period - Deflect By Jordan Staal.
2:32 of 3rd period - Stopped by Jonathan Quick without a rebound.
2:33 of 3rd period - Dan Cleary wins face-off versus Jussi Jokinen in Blues zone.
2:38 of 3rd period - Shot by Marian Hossa.
2:38 of 3rd period - Stopped by Jonathan Quick with a rebound.
3:10 of 3rd period - Shot by Daymond Langkow.
3:10 of 3rd period - Shot Blocked by Jeff Schultz.
3:40 of 3rd period - Shot by Christopher Higgins.
3:40 of 3rd period - Stopped by Corey Crawford without a rebound.
3:41 of 3rd period - Tuomo Ruutu wins face-off versus Jussi Jokinen in Sabres zone.
3:56 of 3rd period - Shot by Chris Stewart.
3:56 of 3rd period - Stopped by Jonathan Quick without a rebound.
3:57 of 3rd period - Daymond Langkow wins face-off versus Henrik Zetterberg in Blues zone.
3:57 of 3rd period - Steve Ott is hit by Mike Richards and loses puck.
4:04 of 3rd period - Shot by Marian Hossa.
4:04 of 3rd period - Shot Misses the Net.
4:06 of 3rd period - Shot by Henrik Zetterberg.
4:06 of 3rd period - Shot Misses the Net.
4:08 of 3rd period - Shot by Mike Richards.
4:08 of 3rd period - Shot Misses the Net.
4:12 of 3rd period - Shot by Marian Hossa.
4:12 of 3rd period - Stopped by Jonathan Quick without a rebound.
4:13 of 3rd period - Jerred Smithson wins face-off versus Jordan Staal in Blues zone.
4:13 of 3rd period - Double Minor Penalty to Tuomo Ruutu for Slashing.
4:14 of 3rd period - Jussi Jokinen wins face-off versus Jordan Staal in Sabres zone.
4:37 of 3rd period - Shot by Jussi Jokinen.
4:37 of 3rd period - Shot Misses the Net.
4:39 of 3rd period - Shot by Andrei Markov.
4:39 of 3rd period - Goal by Andrei Markov - Blues : 1 - Sabres : 3.
4:40 of 3rd period - Daymond Langkow wins face-off versus Henrik Zetterberg in neutral zone.
4:55 of 3rd period - Shot by Christopher Higgins.
4:55 of 3rd period - Stopped by Corey Crawford without a rebound.
4:56 of 3rd period - Henrik Zetterberg wins face-off versus Daymond Langkow in Sabres zone.
5:02 of 3rd period - Icing by Christopher Higgins.
5:03 of 3rd period - Henrik Zetterberg wins face-off versus Daymond Langkow in Blues zone.
5:28 of 3rd period - Brad Stuart is hit by Jean-Pierre Dumont and loses puck.
6:56 of 3rd period - Mike Knuble is hit by Yannick Weber and loses puck.
7:04 of 3rd period - Dan Cleary is hit by Yannick Weber and loses puck.
8:04 of 3rd period - Jordan Staal is hit by Kent Huskins and loses puck.
8:22 of 3rd period - Icing by Christian Ehrhoff.
8:23 of 3rd period - Jussi Jokinen wins face-off versus Henrik Zetterberg in Sabres zone.
8:27 of 3rd period - Jussi Jokinen is hit by Christian Ehrhoff and loses puck.
8:49 of 3rd period - Jussi Jokinen is hit by Jay Bouwmeester and loses puck.
8:51 of 3rd period - Minor Penalty to Jay Bouwmeester for Holding.
8:52 of 3rd period - Henrik Zetterberg wins face-off versus Daymond Langkow in Sabres zone.
10:17 of 3rd period - Shot by Marian Hossa.
10:17 of 3rd period - Stopped by Jonathan Quick with a rebound.
10:19 of 3rd period - Shot by Tuomo Ruutu.
10:19 of 3rd period - Goal by Tuomo Ruutu - Blues : 1 - Sabres : 4.
10:20 of 3rd period - Daymond Langkow wins face-off versus Henrik Zetterberg in neutral zone.
11:52 of 3rd period - Shot by Yannick Weber.
11:52 of 3rd period - Shot Misses the Net.
11:54 of 3rd period - Shot by Jussi Jokinen.
11:54 of 3rd period - Shot Misses the Net.
11:56 of 3rd period - Shot by Dennis Wideman.
11:56 of 3rd period - Stopped by Corey Crawford without a rebound.
11:57 of 3rd period - Henrik Zetterberg wins face-off versus Daymond Langkow in Sabres zone.
12:02 of 3rd period - Mike Richards is hit by Christopher Higgins and loses puck.
12:55 of 3rd period - Shot by Mike Knuble.
12:55 of 3rd period - Stopped by Jonathan Quick without a rebound.
12:56 of 3rd period - Rick Nash wins face-off versus Jordan Staal in Blues zone.
13:21 of 3rd period - Shot by Jordan Staal.
13:21 of 3rd period - Stopped by Jonathan Quick without a rebound.
13:22 of 3rd period - David Legwand wins face-off versus Christopher Higgins in Blues zone.
13:40 of 3rd period - Shot by Jussi Jokinen.
13:40 of 3rd period - Stopped by Corey Crawford without a rebound.
13:41 of 3rd period - Daymond Langkow wins face-off versus Henrik Zetterberg in Sabres zone.
14:48 of 3rd period - Minor Penalty to Tuomo Ruutu for Hooking.
14:49 of 3rd period - Jordan Staal wins face-off versus Steve Ott in Sabres zone.
15:29 of 3rd period - Off-side.
15:30 of 3rd period - Henrik Zetterberg wins face-off versus Daymond Langkow in neutral zone.
16:19 of 3rd period - Icing by Mark Fayne.
16:20 of 3rd period - Henrik Zetterberg wins face-off versus Jussi Jokinen in Blues zone.
16:21 of 3rd period - Shot by Mike Knuble.
16:21 of 3rd period - Goal by Mike Knuble - Blues : 1 - Sabres : 5.
16:22 of 3rd period - Henrik Zetterberg wins face-off versus Jussi Jokinen in neutral zone.
16:30 of 3rd period - Icing by Andrei Markov.
16:31 of 3rd period - Jussi Jokinen wins face-off versus Henrik Zetterberg in Blues zone.
16:59 of 3rd period - Icing by Mike Knuble.
17:00 of 3rd period - Jerred Smithson wins face-off versus David Legwand in Sabres zone.
17:03 of 3rd period - Shot by Kent Huskins.
17:03 of 3rd period - Shot Misses the Net.
18:04 of 3rd period - Shot by Jordan Staal.
18:04 of 3rd period - Shot Misses the Net.
18:48 of 3rd period - Shot by Henrik Zetterberg.
18:48 of 3rd period - Stopped by Jonathan Quick without a rebound.
18:49 of 3rd period - David Legwand wins face-off versus Daniel Carcillo in Blues zone.
19:08 of 3rd period - Shot by Dan Cleary.
19:08 of 3rd period - Shot Misses the Net.
19:35 of 3rd period - Minor Penalty to Steve Ott for High sticking.
19:36 of 3rd period - Jordan Staal wins face-off versus Jussi Jokinen in Blues zone.
19:44 of 3rd period - Icing by Mike Richards.
19:45 of 3rd period - Jussi Jokinen wins face-off versus Jordan Staal in Sabres zone.
19:46 of 3rd period - Shot by Andrei Markov.
19:46 of 3rd period - Stopped by Corey Crawford without a rebound.
19:47 of 3rd period - Henrik Zetterberg wins face-off versus Jussi Jokinen in Sabres zone.


Output by the SimonT Hockey Simulator (STHS) for Stephane Roy -- Original Page W3C XHTML 1.0 Valid